 Dungeon Crawl Stone Soup version 0.27-a0-550-ge92ec0ca06 (webtiles) character file.

Game seed: 6476674338317425618

5830 foci the Cleaver (level 10, -5/60 HPs)
             Began as a Gargoyle Fighter on Mar 7, 2021.
             Was a Believer of the Shining One.
             Slain by a yak (8 damage)
             ... on level 9 of the Dungeon.
             The game lasted 00:17:09 (9246 turns).

foci the Cleaver (Gargoyle Fighter)                 Turns: 9246, Time: 00:17:09

Health: -5/60      AC: 20    Str: 22    XL:     10   Next: 80%
Magic:  10/10      EV:  9    Int:  9    God:    the Shining One [**....]
Gold:   418        SH: 14    Dex: 10    Spells: 9/9 levels left

rFire    + . .     SeeInvis .   o - +0 broad axe
rCold    . . .     Faith    .   c - +0 kite shield
rNeg     + + .     Spirit   .   k - +2 ring mail {rF+}
rPois    ∞         Reflect  +   l - +0 helmet
rElec    +         Harm     .   u - +0 cloak
rCorr    .         Rampage  .   y - +0 pair of gloves
Will     .....                  i - +0 pair of boots
Stlth    ..........             A - amulet of reflection
HPRegen  0.20/turn              (no ring)
MPRegen  0.12/turn              (no ring)

@: glowing
A: negative energy resistance 1, electricity resistance, torment resistance 1,
unbreathing 1, petrification resistance, AC +7
a: Renounce Religion, Divine Shield


You were on level 9 of the Dungeon.
You worshipped the Shining One.
The Shining One was pleased with you.
You visited 2 branches of the dungeon, and saw 10 of its levels.
You also visited: Sewer.

You collected 537 gold pieces.
You spent 119 gold pieces at shops.

Inventory:

Hand Weapons
 o - a +0 broad axe (weapon)
 x - a +3 flail
Armour
 c - a +0 kite shield (worn)
 i - a +0 pair of boots (worn)
 k - a +2 ring mail of fire resistance (worn)
 l - a +0 helmet (worn)
 u - a +0 cloak (worn)
 y - a +0 pair of gloves (worn)
Jewellery
 A - an amulet of reflection (around neck)
Wands
 B - a wand of paralysis (7)
Scrolls
 j - 3 scrolls of fog {unknown}
 q - 6 scrolls of teleportation
 r - a scroll of blinking
 s - 3 scrolls of identify {unknown}
 v - a scroll of fear
 w - a scroll of enchant weapon {unknown}
 C - a scroll of amnesia
 D - a scroll of magic mapping {unknown}
Potions
 a - 2 potions of cancellation {unknown}
 b - a potion of ambrosia {unknown}
 d - 2 potions of might
 f - 4 potions of lignification {unknown}
 g - 2 potions of attraction {unknown}
 h - 2 potions of flight {unknown}
 m - 5 potions of curing
 n - 2 potions of magic {unknown}
 p - 2 potions of brilliance {unknown}
 t - a potion of mutation {unknown}
 z - a potion of curing
 E - a potion of berserk rage {unknown}
 F - 2 potions of degeneration


   Skills:
 + Level 6.2 Fighting
 * Level 12.2 Axes
 + Level 6.6 Armour
 + Level 2.9 Dodging
 - Level 4.0 Shields


You had 9 spell levels left.
You didn't know any spells.
Your spell library contained the following spells:

 Spells                   Type           Power      Damage    Failure   Level
 Beastly Appendage        Tmut           0%         N/A       95%         1
 Wereblood                Tmut           0%         N/A       98%         2
 Spider Form              Tmut/Pois      0%         N/A       100%        3
 Ice Form                 Ice/Tmut       0%         N/A       100%        4
 Blade Hands              Tmut           0%         N/A       100%        5


Dungeon Overview and Level Annotations

Branches:
Dungeon (9/15)             Temple (1/1) D:5            Lair (0/6) D:8
  Sewer (visited)
    Orc: D:9-12

Altars:
Ashenzari
Cheibriados
Dithmenos
Elyvilon
Fedhas
Gozag
Hepliaklqana
Kikubaaqudgha
Makhleb
Nemelex Xobeh
Okawaru
Qazlal
Ru
Sif Muna
Trog
Uskayaw
Vehumet
Wu Jian
Xom
Yredelemnul
Zin
The Shining One

Shops:
D:6 !   D:7 *

Annotations:
D:2 Natasha


Innate Abilities, Weirdness & Mutations

Your stone body is resilient. (AC +7)
You are immune to poison.
You resist negative energy. (rN+)
You are resistant to electric shocks. (rElec)
You are resistance to unholy torment.
You can survive without breathing.
You are immune to petrification.


Message History

You slash the yak!
The yak is severely wounded.
You hit the yak but do no damage. You slash the yak! You hit the yak.
You slash the yak!
The yak gores you but does no damage. x2
You block the yak's attack. The yak gores you.
You completely miss the yak.
The yak is severely wounded.
You hit the yak.
Your ring mail prevents you from hitting the yak.
You barely miss the yak. You hit the yak. The yak gores you.
The yak gores you but does no damage. The yak completely misses you.
The yak gores you. You block the yak's attack.
The yak gores you but does no damage.
You slash the yak!
The yak is heavily wounded.
You hit the yak but do no damage. x2; You hit the yak.
You barely miss the yak. You slash the yak! You block the yak's attack.
The yak barely misses you. The yak gores you. The yak gores you!
The yak closely misses you. You block the yak's attack. The yak gores you.
* * * LOW HITPOINT WARNING * * *
The yak gores you but does no damage. The yak gores you.
* * * LOW HITPOINT WARNING * * *
You hit the yak.
The yak is heavily wounded.
You hit the yak but do no damage. x2; You slash the yak! x2
Your shield prevents you from hitting the yak.
You block the yak's attack.
The yak gores you but does no damage. x3
The yak gores you.
* * * LOW HITPOINT WARNING * * *
You block the yak's attack. The yak barely misses you.
You hit the yak.
You kill the yak!
You hit the yak but do no damage. You slash the yak!
Your shield prevents you from hitting the yak.
You hit the yak but do no damage. You hit the yak. The yak closely misses you.
The yak gores you!
* * * LOW HITPOINT WARNING * * *
You block the yak's attack. The yak gores you but does no damage.
You block the yak's attack. The yak gores you!
You die...

..# ..# ##. ..##...
.......
#######.......
.####......$....#
.........YYY....##
#.......Y@†.....###
#.......Y........#
##...............#
#..[............#
#...##...)......##
... ##........##
###...###.######
##### ##.#...##
###......##


You could see 5 yaks.

Vanquished Creatures
  A two-headed ogre (D:8)
  Pikel (D:5)
  Psyche (D:9)
  Grinder (D:6)
  2 yaks
  Menkaure (D:7)
  3 orc warriors (D:8)
  7 sky beasts
  3 ice beasts
  2 black bears
  2 ogres (D:4)
  2 centaurs (D:6)
  A phantom (D:7)
  4 bullfrogs
  Blork the orc (D:5)
  A gnoll sergeant (D:8)
  A water moccasin zombie (D:7)
  3 scorpions
  4 howler monkeys
  5 wights (D:8)
  A centaur zombie (D:5)
  5 orc priests
  A bullfrog skeleton (D:7)
  8 hounds
  An iguana (D:9)
  Crazy Yiuf (D:3)
  Jessica (D:2)
  A gnoll shaman (D:4)
  6 orc wizards
  Natasha (twice) (D:2)
  4 worker ants
  A hound zombie (D:3)
  Robin (D:2)
  9 gnolls
  13 adders
  A river rat (D:3)
  3 shadow imps
  2 white imps
  3 ufetubi
  An ooze (D:2)
  An adder zombie (D:7)
  An adder skeleton (D:6)
  7 worms
  3 dart slugs
  4 leopard geckos
  28 orcs
  2 giant cockroaches
  16 goblins
  15 hobgoblins
  17 jackals
  2 quokkas
  3 ball pythons
  7 bats
  11 frilled lizards
  A giant cockroach zombie (D:5)
  16 kobolds
  A leopard gecko skeleton (D:6)
  A quokka skeleton (D:5)
  8 rats
255 creatures vanquished.

Vanquished Creatures (others)
  4 fungi (D:8)
  26 plants
30 creatures vanquished.

Grand Total: 285 creatures vanquished

Notes
Turn   | Place    | Note
-------+----------+-------------------------------------------
     0 | D:1      | foci the Gargoyle Fighter began the quest for the Orb.
     0 | D:1      | Reached XP level 1. HP: 14/14 MP: 1/1
    65 | D:1      | Reached skill level 2 in Axes
   143 | D:1      | Reached XP level 2. HP: 18/19 MP: 2/2
   631 | D:1      | Reached XP level 3. HP: 22/23 MP: 3/3
  1214 | D:2      | Noticed Robin
  1222 | D:2      | Reached XP level 4. HP: 23/29 MP: 4/4
  1232 | D:1      | Reached skill level 3 in Axes
  1452 | D:2      | Killed Robin
  1709 | D:2      | Reached XP level 5. HP: 30/33 MP: 5/5
  1843 | D:2      | Noticed Jessica
  1843 | D:2      | Noticed Natasha
  1854 | D:2      | Killed Natasha
  1855 | D:2      | Reached skill level 4 in Axes
  2015 | D:2      | Killed Jessica
  2123 | D:2      | Noticed Natasha
  2131 | D:2      | Killed Natasha
  2132 | D:2      | Reached XP level 6. HP: 37/38 MP: 6/6
  2294 | D:2      | Noticed Natasha
  2446 | D:3      | Found a glowing drain.
  2465 | Sewer    | Entered a sewer
  3334 | D:3      | Found a runed translucent door.
  3335 | D:3      | Noticed Crazy Yiuf
  3348 | D:3      | Killed Crazy Yiuf
  3349 | D:3      | Reached skill level 5 in Axes
  3688 | D:4      | Reached skill level 1 in Dodging
  3817 | D:4      | Reached XP level 7. HP: 43/43 MP: 7/7
  4029 | D:4      | Reached skill level 6 in Axes
  4939 | D:5      | Entered Level 5 of the Dungeon
  4971 | D:5      | Reached XP level 8. HP: 34/48 MP: 8/8
  5077 | D:5      | Found a staircase to the Ecumenical Temple.
  5094 | Temple   | Entered the Ecumenical Temple
  5104 | Temple   | Became a worshipper of the Shining One
  5257 | D:5      | Reached skill level 7 in Axes
  5814 | D:5      | Noticed Pikel
  5824 | D:5      | Killed Pikel
  5825 | D:5      | Reached skill level 8 in Axes
  5825 | D:5      | Reached skill level 5 in Armour
  5837 | D:5      | Reached XP level 9. HP: 45/53 MP: 9/9
  5857 | D:5      | Noticed Blork the orc
  5864 | D:5      | Killed Blork the orc
  5865 | D:5      | Reached skill level 5 in Fighting
  6090 | D:5      | Reached skill level 9 in Axes
  6466 | D:6      | Found Kiguu's Distillery.
  6469 | D:6      | Bought a potion of curing for 39 gold pieces
  6469 | D:6      | Bought a potion of heal wounds for 65 gold pieces
  6472 | D:6      | Noticed Grinder
  6480 | D:6      | Paralysed by Grinder for 2 turns
  6488 | D:6      | Killed Grinder
  6656 | D:6      | Reached * piety under the Shining One
  7423 | D:7      | Reached skill level 10 in Axes
  7525 | D:7      | Noticed Menkaure
  7531 | D:7      | Killed Menkaure
  7559 | D:7      | Reached XP level 10. HP: 43/60 MP: 10/10
  7592 | D:7      | Found a stormy altar of Qazlal.
  7880 | D:7      | Found Siodeubo's General Store.
  7886 | D:7      | Bought a potion of degeneration for 15 gold pieces
  7989 | D:8      | Noticed a two-headed ogre
  8003 | D:8      | Killed a two-headed ogre
  8004 | D:8      | Reached skill level 11 in Axes
  8251 | D:8      | Reached ** piety under the Shining One
  8632 | D:8      | Found a bloodstained altar of Trog.
  8633 | D:8      | Found a shimmering blue altar of Sif Muna.
  8634 | D:8      | Found an ornate altar of the Wu Jian Council.
  8841 | D:8      | Found a staircase to the Lair.
  8995 | D:9      | Noticed Psyche
  9003 | D:9      | Killed Psyche
  9004 | D:9      | Reached skill level 12 in Axes
  9246 | D:9      | HP: 3/60 [yak (8)]
  9246 | D:9      | Slain by a yak

Illustrated notes

Levels and vault maps discovered:
D:1:      wheals_arrival_linesprint, layout_basic,
          hangedman_decor_diamond_cutter, kennysheep_pointless_box
D:2:      layout_rooms, uniq_natasha, uniq_jessica, uniq_robin
D:3:      layout_basic, portal_sewer_entry_b, uniq_crazy_yiuf_cottage
D:4:      layout_loops_ring
D:5:      layout_rooms, temple_fountains, minmay_misc_feat_room,
          uniq_blork_the_orc, uniq_pikel
D:6:      layout_basic, serial_shops, nicolae_shop_behind_doors, uniq_grinder
D:7:      layout_rooms, overflow_temple_1_default, serial_shops,
          kennysheep_little_box, uniq_menkaure
D:8:      layout_basic, chequers_temple_overflow_statue_of_worship,
          grunt_lair_entry_orc_guard_hut, minmay_misc_feat_hallway
D:9:      layout_cave_pods, uniq_psyche, uniq_maggie
Temple:   compressed_dpeg_circular_temple

Skill      XL: |  1  2  3  4  5  6  7  8  9 10 |
---------------+-------------------------------+-----
Axes           | 2 3 4 5 6 8 10 12 | 12.2
Shields        | 4 |  4.0
Armour         | 4 5 6 |  6.6
Fighting       | 4 5 6 |  6.2
Dodging        | 1 2 |  2.9

Action                   |  1- 3 |  4- 6 |  7- 9 | 10-12 || total
-------------------------+-------+-------+-------+-------++-------
Melee: War axe           |   117 |   122 |       |       ||   239
       Broad axe         |       |   168 |   353 |   159 ||   680
  Use: Scroll            |       |     2 |     2 |     1 ||     5
       Potion            |       |       |       |     1 ||     1
Armor: Scale mail        |   114 |   189 |   233 |    56 ||   592
       Ring mail         |       |       |       |    46 ||    46
Dodge: Dodged            |    70 |   142 |   132 |    90 ||   434
Block: Kite shield       |   101 |   170 |   186 |   119 ||   576

Table legend: (Time is in decaauts)
 A = Elapsed time spent in this place.
 B = Non-inter-level travel time spent in this place.
 C = Inter-level travel time spent in this place.
 D = Time resting spent in this place.
 E = Time spent auto-exploring this place.
 F = Levels seen in this place.
 G = Mean time per level.
                   A        B        C        D        E       F      G
               +--------+--------+--------+--------+--------+-----+--------+
         Total |   9813 |   9507 |    306 |    595 |   6310 |  11 |  892.1 |
       Dungeon |   8800 |   8509 |    291 |    595 |   5559 |   9 |  977.8 |
        Temple |    110 |     95 |     15 |      0 |     91 |   1 |  110.0 |
         Sewer |    902 |    902 |      0 |      0 |    660 |   1 |  902.0 |
               +--------+--------+--------+--------+--------+-----+--------+

Top non-repeatable levels by time:
     D:1: 1522 daAuts
     D:6: 1256 daAuts
     D:4: 1252 daAuts
     D:5: 1196 daAuts
     D:8: 1054 daAuts
     D:2: 904 daAuts
   Sewer: 902 daAuts
     D:3: 775 daAuts
     D:7: 581 daAuts
     D:9: 257 daAuts
  Temple: 110 daAuts
